 Dungeon Crawl Stone Soup version 0.30-a0-1114-gd936c97349 (webtiles) character file.

Game seed: 1847488626457668705

156 IdlyInterested the Trooper (level 5, -3/42 (43) HPs)
             Began as a Demonspawn Gladiator on Apr 20, 2023.
             Succumbed to Crazy Yiuf's poison
             ... on level 3 of the Dungeon.
             The game lasted 00:08:07 (3113 turns).

IdlyInterested the Trooper (Demonspawn Gladiator)   Turns: 3113, Time: 00:08:07

HP:   -3/42 (43)    AC: 10    Str: 17    XL:     5   Next: 14%
MP:   5/5           EV: 10    Int:  9    God:
Gold: 182           SH:  0    Dex: 17    Spells: 4/4 levels left

rFire   . . .      SeeInvis .    E - +0 dagger (venom)
rCold   . . .      Faith    .    (no shield)
rNeg    + . .      Spirit   .    j - +0 scale mail
rPois   .          Reflect  .    c - +0 helmet
rElec   .          Rampage  .    A - +0 cloak
rCorr   +                        n - +1 pair of gloves {Dex+3}
Will    .....                    (no boots) Stlth
                                 (no amulet)
HPRegen 0.27/turn                k - ring of positive energy
MPRegen 0.09/turn                u - ring of resist corrosion

@: lethally poisoned (-3 -> -24), lightly drained
A: ignite blood 1, demonic magic 1, demonic touch 1
a: no special abilities


You were on level 3 of the Dungeon.
You visited 1 branch of the dungeon, and saw 3 of its levels.

You collected 182 gold pieces.

Inventory:

Hand Weapons
 r - a +0 short sword
 D - a +0 long sword
 E - a +0 dagger of venom (weapon)
Missiles
 d - 3 throwing nets
 e - a javelin
 g - 28 stones (quivered)
Armour
 c - a +0 helmet (worn)
 j - a +0 scale mail (worn)
 n - a +1 pair of gloves of dexterity (worn)
 A - a +0 cloak (worn)
Magical Staves
 p - a staff of cold
Jewellery
 k - a ring of positive energy (left hand)
 u - a ring of resist corrosion (right hand)
Scrolls
 f - a scroll of fog {unknown}
 m - 2 scrolls of noise {unknown}
 s - a scroll of enchant weapon {unknown}
 x - 2 scrolls of identify {unknown}
 y - a scroll of magic mapping {unknown}
 z - a scroll of vulnerability {unknown}
 B - a scroll of amnesia {unknown}
 C - a scroll of teleportation {unknown}
Potions
 a - a potion of attraction {unknown}
 h - 2 potions of curing {unknown}
 o - 2 potions of flight {unknown}
 q - a potion of experience {unknown}
 t - a potion of might {unknown}
 w - a potion of lignification {unknown}


   Skills:
 * Level 4.8 Fighting
 - Level 2.6 Axes
 - Level 2.0 Throwing
 - Level 1.0 Armour
 - Level 2.6 Dodging
 + Level 0.1 Stealth
 + Level 1.1 Evocations


You had 4 spell levels left.
You didn't know any spells.
Your spell library contained the following spells:

 Spells                   Type           Power      Damage    Failure   Level
 Ice Form                 Ice/Tmut       0%         N/A       100%        4
 Sticky Flame             Conj/Fire      0%         2d3       100%        4
 Alistair's Intoxication  Tmut/Pois      0%         N/A       100%        5


Dungeon Overview and Level Annotations

Branches:
Dungeon (3/15)

Altars:
Okawaru
Sif Muna


Innate Abilities, Weirdness & Mutations

Your demonic aura sometimes causes spilled blood to erupt in flames.
Spells you cast may paralyse adjacent enemies.
Your touch may inflict minor irresistible damage on your foes.


Message History

You enter the shallow water.
Moving in this stuff is going to be slow.
You see here a +0 hand axe.
Crazy Yiuf shouts!
You open the door. You closely miss Crazy Yiuf. Your touch misses Crazy Yiuf.
Crazy Yiuf hits you with a +4 quarterstaff of chaos!
You are poisoned.
You hit Crazy Yiuf.
Crazy Yiuf is lightly wounded.
You feel very sick. Crazy Yiuf barely misses you.
You hit Crazy Yiuf but do no damage.
You touch Crazy Yiuf!
Crazy Yiuf is heavily wounded.
You feel very sick.
Crazy Yiuf whimpers, "Millenium green stair!"
Crazy Yiuf hits you but does no damage.
You hit Crazy Yiuf.
Crazy Yiuf is severely wounded.
You feel sick.
Crazy Yiuf hits you with a +4 quarterstaff of chaos.
You partially resist.
You feel drained.
You hit Crazy Yiuf.
Crazy Yiuf is poisoned.
Crazy Yiuf is almost dead.
You feel sick. Crazy Yiuf barely misses you.
You hit Crazy Yiuf but do no damage.
Crazy Yiuf is almost dead.
You feel sick.
Crazy Yiuf hits you with a +4 quarterstaff of chaos!
* * * LOW HITPOINT WARNING * * *
You hit Crazy Yiuf but do no damage.
Crazy Yiuf is almost dead.
You feel sick.
Crazy Yiuf hits you with a +4 quarterstaff of chaos!
* * * LOW HITPOINT WARNING * * *
You are more poisoned.
You hit Crazy Yiuf but do no damage.
Crazy Yiuf looks as sick as possible!
You touch Crazy Yiuf.
You kill Crazy Yiuf!
You die...

#.##..#..#.....#
######..##.....##
#.###.......
#####
#.........#.
#)..#
#####.......
#...# #......#
... ######.. #○#
##. #@## #. ##.#
###. #.## #...
##.# #.## ##.##
####.# ##.P.#
#....# #.P.P#
###.#### #....#
##...#
#....#####..###


There were no monsters in sight!

Vanquished Creatures
  A hound (D:3)
  Crazy Yiuf (D:3)
  An orc wizard (D:3)
  3 adders
  A worm (D:2)
  2 dart slugs
  3 orcs (D:3)
  6 bats
  7 endoplasms
  7 giant cockroaches
  6 goblins
  5 hobgoblins
  3 quokkas
  2 ball pythons
  6 frilled lizards
  5 kobolds
  6 rats
65 creatures vanquished.

Vanquished Creatures (others)
  28 plants (D:3)
28 creatures vanquished.

Grand Total: 93 creatures vanquished

Notes
Turn   | Place    | Note
-------+----------+-------------------------------------------
     0 | D:1      | IdlyInterested the Demonspawn Gladiator began the quest for
                  | the Orb.
     0 | D:1      | Reached XP level 1. HP: 16/16 MP: 1/1
   133 | D:1      | Gained mutation: Your demonic aura sometimes causes spilled
                  | blood to erupt in flames. [demonic ancestry]
   133 | D:1      | Reached XP level 2. HP: 22/23 MP: 2/2
   166 | D:1      | Reached skill level 1 in Armour
   260 | D:1      | Reached skill level 3 in Fighting
   607 | D:2      | Reached XP level 3. HP: 29/29 MP: 3/3
  1379 | D:2      | Got the Folio of Harmful Forms
  1476 | D:2      | Reached skill level 4 in Fighting
  2031 | D:3      | Gained mutation: Your touch may inflict minor irresistible
                  | damage on your foes. [demonic ancestry]
  2031 | D:3      | Reached XP level 4. HP: 33/37 MP: 4/4
  2069 | D:3      | Found an iron altar of Okawaru.
  2436 | D:3      | Found a faded altar of an unknown god.
  2453 | D:3      | Reached skill level 1 in Evocations
  2487 | D:3      | Gained mutation: Spells you cast may paralyse adjacent
                  | enemies. [demonic ancestry]
  2487 | D:3      | Reached XP level 5. HP: 41/43 MP: 5/5
  2557 | D:3      | Found a runed translucent door.
  2558 | D:3      | Noticed Crazy Yiuf
  2882 | D:3      | Found a shimmering blue altar of Sif Muna.
  3112 | D:3      | HP: 2/42 [Crazy Yiuf/+4 quarterstaff of chaos (9)]
  3113 | D:3      | Killed Crazy Yiuf
  3113 | D:3      | Succumbed to Crazy Yiuf's poison

Illustrated notes

Levels and vault maps discovered:
D:1:      minmay_arrival_diagonal_passages, layout_rooms
D:2:      layout_basic, nrook_campfire
D:3:      layout_loops_ring, lemuel_blue_sif_altar,
          mainiacjoe_overflow_concentric_impassable, serial_bayou,
          serial_bayou_shore_a, serial_bayou_lake_a, serial_bayou_pond_a,
          serial_bayou_lagoon_a, chequers_ecumenical_altar_twisty,
          uniq_crazy_yiuf_cottage

Skill      XL: |  1  2  3  4 |
---------------+-------------+-----
Armour         | 1 |  1.0
Fighting       | 3 4 |  4.8
Evocations     | 1 |  1.1
Throwing       | 2 |  2.0
Axes           | |  2.6
Dodging        | |  2.6
Stealth        | |  0.1

Action                     |  1- 3 |  4- 6 || total
---------------------------+-------+-------++-------
  Melee: War axe           |   118 |    41 ||   159
         Touch             |       |    11 ||    11
         Punch             |       |     2 ||     2
         Dagger            |       |    17 ||    17
 Armour: Leather armour    |    10 |       ||    10
         Scale mail        |    66 |    28 ||    94
  Dodge: Dodged            |    79 |    26 ||   105

Table legend: (Time is in decaauts)
 A = Elapsed time spent in this place.
 B = Non-inter-level travel time spent in this place.
 C = Inter-level travel time spent in this place.
 D = Time resting spent in this place.
 E = Time spent auto-exploring this place.
 F = Levels seen in this place.
 G = Mean time per level.
                   A        B        C        D        E       F      G
               +--------+--------+--------+--------+--------+-----+--------+
         Total |   3239 |   2907 |    332 |     92 |   2134 |   3 | 1079.7 |
       Dungeon |   3239 |   2907 |    332 |     92 |   2134 |   3 | 1079.7 |
               +--------+--------+--------+--------+--------+-----+--------+

Top non-repeatable levels by time:
     D:2: 1414 daAuts
     D:3: 1207 daAuts
     D:1: 617 daAuts
